 Dungeon Crawl Stone Soup version 0.26-a0-651-gb41185065b (webtiles) character file.

Game seed: 10331904959733973195

(classic levelgen) 35869 EnegeticOcto the Severer (level 13, -1/118 HPs)
             Began as a Deep Dwarf Fighter on Oct 23, 2020.
             Was an Elder of Makhleb.
             Succumbed to Aizul's poison arrow
             ... on level 3 of the Snake Pit.
             The game lasted 00:21:28 (3612 turns).

EnegeticOcto the Severer (Deep Dwarf Fighter)       Turns: 3612, Time: 00:21:29

Health: -1/118     AC: 17    Str: 21    XL:     13   Next: 49%
Magic:  0/0        EV:  5    Int: 13    God:    Makhleb [****..]
Gold:   313        SH: 24    Dex: 12    Spells: 12/12 levels left

rFire    . . .     SeeInvis .   a - +0 broad axe (venom)
rCold    . . .     Faith    .   v - +0 tower shield (curse)
rNeg     . . .     Spirit   .   t - +0 storm dragon scales (curse)
rPois    +         Reflect  +   (no helmet)
rElec    +         Harm     .   s - +0 cloak
rCorr    .         Rampage  .   k - +2 pair of gloves
MR       +....                  j - +2 pair of boots
Stlth    ..........             z - amulet of reflection
HPRegen  0.00/turn              L - -4 ring of protection (curse)
MPRegen  0.07/turn              E - ring of poison resistance

@: lethally poisoned (-1 -> -15), non-regenerating, studying Shields
A: damage resistance, heal wounds, sense surroundings 2, no regeneration
a: Heal Wounds, Minor Destruction, Lesser Servant of Makhleb, Major Destruction,
Renounce Religion


You were on level 3 of the Snake Pit.
You worshipped Makhleb.
Makhleb was greatly pleased with you.
You visited 3 branches of the dungeon, and saw 17 of its levels.
You also visited: Bailey.

You collected 593 gold pieces.
You spent 280 gold pieces at shops.

Inventory:

Hand Weapons
 a - a +0 broad axe of venom (weapon)
 e - a +3 scimitar of flaming
 B - a +1 war axe
Missiles
 F - 3 throwing nets (quivered)
Armour
 b - a +0 scale mail
 c - a +0 kite shield
 j - a +2 pair of boots (worn)
 k - a +2 pair of gloves (worn)
 m - a +0 chain mail
 o - a +0 plate armour
 q - a +0 crystal plate armour
 s - a +0 cloak (worn)
 t - cursed +0 storm dragon scales (worn)
 v - a cursed +0 tower shield (worn)
 G - a +4 scale mail of cold resistance
Jewellery
 g - an uncursed ring of protection from cold
 y - an uncursed amulet of regeneration
 z - an amulet of reflection (around neck)
 A - a +6 ring of intelligence
 E - a ring of poison resistance (right hand)
 L - a cursed -4 ring of protection (left hand)
Wands
 h - a wand of iceblast (15) {@v2}
 u - a wand of polymorph (3)
 C - a wand of enslavement (8)
Scrolls
 w - a scroll of enchant weapon
 H - a scroll of identify {@r1}
Potions
 d - a potion of might {@q3}
 f - 3 potions of stabbing
 i - a potion of degeneration
 l - 2 potions of lignification
 p - a potion of brilliance
 x - a potion of heal wounds {@q2}
 I - a potion of resistance {unknown}
Books
 n - a manual of Shields
 r - a manual of Shields
Miscellaneous
 D - a box of beasts (1/3)
 V - a condenser vane (2/2)


   Skills:
 + Level 8.6 Fighting
 * Level 16.2 Axes
 + Level 8.1 Armour
 + Level 12.8 Shields
 + Level 11.2 Invocations
 * Level 8.1 Evocations


You had 12 spell levels left.
You didn't know any spells.
Your spell library was empty.

Dungeon Overview and Level Annotations

Branches:
Dungeon (12/15)              Lair (2/6) D:8           Swamp (0/4) Lair:2
  Snake (3/4) Lair:2       Bailey (visited)
 Temple: D:4-7          Orc: D:9-12

Altars:
Makhleb
Wu Jian

Shops:
D:7 [   D:8 =

Annotations:
Lair:1 2 runed translucent doors, Sapher's ghost, journeyman DDDe
Snake:3 Aizul


Innate Abilities, Weirdness & Mutations

You are resistant to damage.
You can heal yourself by infusing magical energy.
You passively map the area around you.
You do not regenerate.


Message History

Your ufetubus hits Aizul. The black mamba bites you.
Your ufetubus hits the salamander.
Your ufetubus barely misses the salamander.
Aizul hits you.
Your ynoxinul hits the salamander.
Your magical essence is drained by the effort!
You feel much better.
You feel sick. The black mamba bites you.
You are more poisoned.
The black mamba poisons you!
Your ufetubus hits the salamander but does no damage. x2
Your ufetubus barely misses the salamander.
Your ufetubus hits the salamander but does no damage.
Aizul hits you.
Your ufetubus misses Aizul. x2
The salamander completely misses you. You block the black mamba's attack.
Your ufetubus hits the salamander but does no damage.
Your ufetubus barely misses the salamander. x2
Your ufetubus hits the salamander.
Your ynoxinul barely misses Aizul.
Your ufetubus barely misses Aizul.
Your ufetubus hits Aizul but does no damage.
Aizul casts a spell at you. You resist with significant effort.
Your shield and storm dragon scales prevent you from hitting Aizul.
Aizul is lightly wounded.
You closely miss the black mamba.
You feel very sick. You block the black mamba's attack.
Your ufetubus hits Aizul but does no damage.
Your ufetubus completely misses Aizul.
The salamander hits you from afar with a +3 trident of protection!
You are engulfed in flames!
* * * LOW HITPOINT WARNING * * *
Your ufetubus hits the salamander but does no damage.
Your ufetubus hits the salamander. Aizul hits you but does no damage.
Your ufetubus misses Aizul.
Your ufetubus hits Aizul but does no damage.
The black mamba bites you but does no damage.
Your ynoxinul gestures at Aizul.
The iron shot hits Aizul!
You miss Aizul.
Aizul is moderately wounded.
You barely miss the black mamba.
You feel sick.
Your ufetubus barely misses the salamander. x2
Your ufetubus hits the salamander but does no damage. x2
The black mamba bites you.
* * * LOW HITPOINT WARNING * * *
Aizul coils herself and waves her upper body at you.
The poison arrow hits you!!
You are more poisoned.
You partially resist.
* * * LOW HITPOINT WARNING * * *
Your ufetubus barely misses Aizul.
Your ufetubus completely misses Aizul.
You block the salamander's attack.
Your ufetubus closely misses Aizul.
Your ufetubus hits Aizul.
Your ufetubus hits the salamander but does no damage.
Your ufetubus hits the salamander. You miss Aizul.
Aizul is moderately wounded.
You hit the black mamba.
You kill the black mamba!
Makhleb accepts your kill.
You feel better.
Your box of beasts (1/3) has regained one charge.
* * * LOW HITPOINT WARNING * * *
You feel very sick.
Aizul coils herself and waves her upper body at you.
The bolt of poison hits you. You resist.
* * * LOW HITPOINT WARNING * * *
Your ufetubus completely misses Aizul.
Your ufetubus misses Aizul.
Your ynoxinul barely misses Aizul.
Your ufetubus barely misses Aizul.
Your ufetubus hits Aizul. You block the salamander's attack.
Your ufetubus barely misses the salamander.
Your ufetubus hits the salamander.
Your ufetubus closely misses Aizul.
Your ufetubus barely misses Aizul.
You block Aizul's attack.
You hit Aizul but do no damage.
Aizul is moderately wounded.
* * * LOW HITPOINT WARNING * * *
You feel very sick.
Your ufetubus hits the salamander.
Your ufetubus hits the salamander but does no damage.
Your ynoxinul completely misses Aizul.
Your ufetubus barely misses the salamander. x2
Aizul coils herself and waves her upper body at you.
The bolt of poison misses you.
Your ufetubus closely misses Aizul.
Your ufetubus barely misses Aizul.
You block the salamander's attack.
Your shield and storm dragon scales prevent you from hitting Aizul.
Aizul is moderately wounded.
* * * LOW HITPOINT WARNING * * *
You feel sick.
Aizul looks more healthy.
Your ufetubus hits Aizul.
Your ufetubus closely misses Aizul.
Your ufetubus hits the salamander but does no damage.
Your ufetubus hits the salamander. Aizul hits you!
* * * LOW HITPOINT WARNING * * *
Your ufetubus barely misses Aizul.
Your ufetubus hits Aizul but does no damage.
Your ynoxinul gestures at Aizul.
The iron shot hits Aizul!!
Your ufetubus hits the salamander. x2
Your ufetubus barely misses the salamander.
Your ufetubus closely misses the salamander.
You hit Aizul.
Aizul is heavily wounded.
You die...

#.....#......)............ ,
#NN...!.......(.......... ,
...............#.......### *
*
#....4..#.#....#.#....(..##
*,
#..3.###...###.#.##....#..##
....##,..... ##........N...#
...## .......
#.†..###.##....... .## ,
.......#.<#..##.....#.#.# .*
* ,,>.>...NS@)#.....##.# ..
, * ,,.....5535.###...#*..
N, ^* ,,, >.>.(..5.[# #.#..
... , , *,
......#...#*..#.## ... , ,
,,......#.#.. .# .# *#... ,
,,, , .....##.#... * , ,
*...##*..#...# , , ,,, , ...
#.....# * , , ,, ,


You could see Aizul, a salamander, a friendly ynoxinul (summoned) and 4 friendly
ufetubi.

Vanquished Creatures
  Harold (D:8)
  A naga warrior (Snake:2)
  Erica (D:8)
  A catoblepas (D:9)
  2 anacondas
  2 two-headed ogres
  A shock serpent (Snake:1)
  8 naga sharpshooters
  A salamander mystic (Snake:3)
  4 skeletal warriors (D:11)
  An orc knight (Bailey)
  An orc sorcerer (D:11)
  4 salamanders
  5 guardian serpents
  3 naga magi
  8 black mambas
  2 cane toads
  Grinder (D:3)
  Prince Ribbit (D:8)
  2 hippogriffs
  2 shadows (D:11)
  A wyvern (Lair:1)
  17 yaks
  A basilisk (Lair:2)
  3 steam dragons (D:7)
  A swamp worm (D:8)
  4 wargs (D:11)
  5 nagas
  3 porcupines
  8 water moccasins
  A black bear (D:8)
  3 ogres
  18 orc warriors
  2 phantoms
  A necrophage (D:7)
  A centaur (D:8)
  6 wolves (Lair:2)
  3 crocodiles (Lair:1)
  3 bullfrogs (Lair:1)
  3 scorpions
  6 killer bees (D:11)
  A wight (D:7)
  2 howler monkeys (D:9)
  3 hounds
  A jelly (D:5)
  8 orc priests
  4 orc wizards
  A centaur skeleton (D:11)
  3 iguanas
  A worker ant (D:11)
  A hound skeleton (D:7)
  A worker ant zombie (D:7)
  6 adders (Lair:2)
  An ufetubus (D:5)
  An adder zombie (D:8)
  A worm (D:3)
  2 leopard geckos (D:8)
  81 orcs
  A bat (D:3)
  A giant cockroach (D:5)
  4 goblins (D:8)
  8 jackals
  A quokka (D:7)
  A frilled lizard (D:5)
  A leopard gecko skeleton (D:8)
277 creatures vanquished.

Vanquished Creatures (collateral kills)
  2 nagarajas (Snake:3)
  A naga warrior (Snake:1)
  An anaconda (Snake:1)
  A shock serpent (Snake:3)
  A guardian serpent (Snake:3)
  3 nagas
  2 howler monkeys (D:9)
  A jelly (D:9)
  A ball python (Snake:2)
13 creatures vanquished.

Vanquished Creatures (others)
  A naga warrior (Snake:2)
  A naga sharpshooter (Snake:1)
  A naga mage (Snake:1)
  10 fungi
  23 plants
36 creatures vanquished.

Grand Total: 326 creatures vanquished

Notes
Turn   | Place    | Note
-------+----------+-------------------------------------------
     0 | D:1      | EnegeticOcto the Deep Dwarf Fighter began the quest for the
                  | Orb.
     0 | D:1      | Reached XP level 1. HP: 20/20 MP: 1/1
    55 | D:1      | You fall into a shaft and drop 1 floor!
   152 | D:3      | Reached skill level 3 in Axes
   152 | D:3      | Reached XP level 2. HP: 8/27 MP: 2/2
   194 | D:3      | Noticed Grinder
   194 | D:3      | Paralysed by Grinder for 5 turns
   210 | D:3      | HP: 1/27 [Grinder (5)]
   213 | D:3      | Paralysed by Grinder for 4 turns
   227 | D:3      | Paralysed by Grinder for 7 turns
   235 | D:3      | Killed Grinder
   235 | D:3      | Reached skill level 6 in Axes
   235 | D:3      | Reached XP level 3. HP: 28/33 MP: 2/2
   235 | D:3      | Reached XP level 4. HP: 34/40 MP: 3/3
   235 | D:3      | Reached XP level 5. HP: 39/46 MP: 4/4
   288 | D:4      | You fall into a shaft and drop 1 floor!
   288 | D:5      | Entered Level 5 of the Dungeon
   300 | D:5      | Reached skill level 7 in Axes
   300 | D:5      | Reached XP level 6. HP: 35/55 MP: 5/5
   328 | D:5      | Found an ornate altar of the Wu Jian Council.
   332 | D:5      | Reached skill level 8 in Axes
   461 | D:7      | Reached XP level 7. HP: 48/61 MP: 5/5
   467 | D:7      | Noticed a steam dragon
   476 | D:7      | Killed a steam dragon
   476 | D:7      | Reached skill level 9 in Axes
   490 | D:7      | Noticed a steam dragon
   491 | D:7      | Noticed a steam dragon
   498 | D:7      | Killed a steam dragon
   503 | D:7      | Killed a steam dragon
   503 | D:7      | Reached skill level 10 in Axes
   541 | D:7      | Reached XP level 8. HP: 55/68 MP: 6/6
   551 | D:7      | Found a burning altar of Makhleb.
   570 | D:7      | Became a worshipper of Makhleb the Destroyer
   605 | D:7      | Reached skill level 1 in Invocations
   711 | D:7      | Found Sewne's Antique Armour Emporium.
   787 | D:8      | Reached skill level 11 in Axes
   883 | D:8      | Gained mutation: You passively map the area around you.
                  | [Deep Dwarf growth]
   883 | D:8      | Reached XP level 9. HP: 47/78 MP: 7/7
   894 | D:8      | Noticed Prince Ribbit
   938 | D:8      | Killed Prince Ribbit
   938 | D:8      | Reached skill level 5 in Shields
   986 | D:8      | Noticed a two-headed ogre
  1001 | D:8      | Killed a two-headed ogre
  1001 | D:8      | Reached skill level 12 in Axes
  1001 | D:8      | Reached skill level 5 in Invocations
  1012 | D:8      | Found Ummegid's Jewellery Boutique.
  1024 | D:8      | Found a flagged portal.
  1033 | Bailey   | Entered a bailey
  1061 | Bailey   | Reached * piety under Makhleb
  1287 | Bailey   | Noticed an orc knight
  1291 | Bailey   | Reached skill level 5 in Fighting
  1301 | Bailey   | Killed an orc knight
  1301 | Bailey   | Reached XP level 10. HP: 63/88 MP: 6/6
  1363 | D:8      | Noticed Erica
  1404 | D:8      | Killed Erica
  1404 | D:8      | Reached skill level 13 in Axes
  1417 | D:8      | Found a staircase to the Lair.
  1430 | D:8      | Noticed Harold
  1436 | Lair:1   | Entered Level 1 of the Lair of Beasts
  1436 | Lair:1   | Noticed a black mamba
  1449 | Lair:1   | Killed a black mamba
  1449 | Lair:1   | Reached ** piety under Makhleb
  1509 | Lair:1   | Found a large runed translucent door.
  1509 | Lair:1   | Found a large runed translucent door.
  1509 | Lair:1   | Noticed a cane toad
  1511 | Lair:1   | Noticed Sapher's ghost (journeyman DDDe)
  1532 | Lair:1   | Killed a cane toad
  1586 | Lair:1   | Reached XP level 11. HP: 53/97 MP: 5/7
  1682 | Lair:2   | Noticed Maggie
  1683 | Lair:2   | Noticed Maggie
  1683 | Lair:2   | Maggie changed into Maggie the acid dragon
  1684 | Lair:2   | Noticed Maggie
  1684 | Lair:2   | Maggie the acid dragon changed into Maggie the basilisk
  1692 | Lair:2   | Killed Maggie the basilisk
  1728 | Lair:2   | Reached skill level 14 in Axes
  1788 | Lair:2   | Reached *** piety under Makhleb
  1788 | Lair:2   | Reached skill level 5 in Armour
  1888 | D:10     | Entered Level 10 of the Dungeon
  2008 | D:12     | Noticed a two-headed ogre
  2018 | D:12     | Killed a two-headed ogre
  2018 | D:12     | Reached skill level 10 in Shields
  2176 | D:11     | Noticed an orc sorcerer
  2185 | D:11     | Noticed a soul eater
  2196 | D:11     | Reached **** piety under Makhleb
  2201 | D:11     | Noticed a sixfirhy
  2208 | D:11     | Killed an orc sorcerer
  2273 | D:11     | Noticed a skeletal warrior
  2286 | D:11     | Noticed a skeletal warrior
  2289 | D:11     | Noticed a skeletal warrior
  2294 | D:11     | Noticed a skeletal warrior
  2308 | D:11     | Killed a skeletal warrior
  2333 | D:11     | Killed a skeletal warrior
  2365 | D:11     | Killed a skeletal warrior
  2384 | D:11     | Killed a skeletal warrior
  2384 | D:11     | Reached XP level 12. HP: 59/109 MP: 8/8
  2708 | D:9      | Noticed a catoblepas
  2734 | D:9      | Killed a catoblepas
  2734 | D:9      | Reached skill level 15 in Axes
  2930 | D:8      | Bought an uncursed ring of poison resistance for 280 gold
                  | pieces
  2967 | D:8      | Killed Harold
  2967 | D:8      | Reached skill level 10 in Invocations
  2967 | D:8      | Reached skill level 1 in Evocations
  3021 | Lair:2   | Found a staircase to the Snake Pit.
  3046 | Snake:1  | Entered Level 1 of the Snake Pit
  3119 | Snake:1  | Noticed an anaconda
  3120 | Snake:1  | Noticed an anaconda
  3131 | Snake:1  | Killed an anaconda
  3142 | Snake:1  | Killed an anaconda
  3146 | Snake:1  | Reached skill level 5 in Evocations
  3163 | Snake:1  | Noticed a naga warrior
  3184 | Snake:1  | Killed a naga warrior
  3333 | Snake:1  | Found an ornate altar of the Wu Jian Council.
  3410 | Snake:2  | Noticed a naga warrior
  3410 | Snake:2  | Noticed a naga warrior
  3421 | Snake:2  | Reached XP level 13. HP: 79/117 MP: 9/9
  3517 | Snake:3  | Noticed Aizul
  3518 | Snake:3  | Noticed a nagaraja
  3518 | Snake:3  | Noticed a nagaraja
  3518 | Snake:3  | Noticed a nagaraja
  3526 | Snake:3  | Killed a nagaraja
  3537 | Snake:3  | Reached skill level 16 in Axes
  3566 | Snake:3  | Killed a nagaraja
  3590 | Snake:3  | HP: 3/118 [naga mage/lance of force (24)]
  3590 | Snake:3  | HP: 1/118 [salamander mystic collision (2)]
  3611 | Snake:3  | HP: 1/118 [Aizul (8)]
  3612 | Snake:3  | Succumbed to Aizul's poison arrow

Illustrated notes

Levels and vault maps discovered:
D:1:      dpeg_arrival_connections, layout_rooms
D:2:      layout_basic, uniq_robin
D:3:      layout_loops_ring, portal_sewer_entry_d, uniq_grinder
D:4:      layout_gridville, uniq_pikel
D:5:      minmay_angry_zag, layout_rooms, lemuel_round_altar,
          nicolae_overflow_crystal_walls, kennysheep_small_spiral,
          uniq_blork_the_orc
D:6:      layout_loops_cross, hangedman_ru_absence, temple_green, serial_shops,
          kennysheep_little_box
D:7:      cheibrodos_steamvent, layout_rooms, makhleb_blood_cavern_becter,
          serial_shops, shop_fountains
D:8:      layout_basic, grunt_lair_entry_orc_guard_hut, enter_bailey_3,
          serial_shops, nicolae_shop_competitors_out_of_business,
          nrook_mini_backslash, worms_lemuel, uniq_erica, uniq_prince_ribbit1,
          uniq_harold
D:9:      layout_roguey, uniq_joseph
D:10:     layout_loops_ring
D:11:     lemuel_castle_with_subvaults [lemuel_castle_interior_original],
          layout_stronghold, roderic_roman_lattice, uniq_grum
D:12:     layout_basic, erik_orc_1, chequers_jeans
Lair:1:   layout_hall_layers, ebering_ghost_disaster_area
Lair:2:   layout_loops_ring, skrybe_swamp_entry_bodies,
          minmay_snake_entry_six_corridors, special_room [special_room_bee],
          lemuel_centaur_altar, uniq_maggie
Snake:1:  layout_layer_cave, basic_altar
Snake:2:  skrybe_snakes_to_sticks, layout_grid_shapes, nicolae_snake_springs,
          lemuel_fruit_tree, serial_bayou_shore_b, grunt_megastairs_2
Snake:3:  nicolae_aizul_guard, layout_rooms

Skill      XL: |  1  2  3  4  5  6  7  8  9 10 11 12 13 |
---------------+----------------------------------------+-----
Axes           | 3 6 7 8 10 11 12 13 14 15 16 | 16.2
Invocations    | 3 6 8 9 10 11 | 11.2
Fighting       | 3 5 6 7 8 |  8.6
Shields        | 4 6 9 10 12 | 12.8
Armour         | 4 6 7 8 |  8.1
Evocations     | 6 8 |  8.1

Action                   |  1- 3 |  4- 6 |  7- 9 | 10-12 | 13-15 || total
-------------------------+-------+-------+-------+-------+-------++-------
Melee: War axe           |    34 |    52 |   290 |   465 |       ||   841
       Broad axe         |       |       |       |   226 |    76 ||   302
Throw: Boomerang         |       |       |    37 |       |       ||    37
Invok: Lesser Servant of |       |       |       |     6 |     6 ||    12
 Abil: Heal Wounds       |     3 |     3 |    24 |    28 |    18 ||    76
Evoke: Wand              |       |       |     4 |     3 |       ||     7
       Box of beasts     |       |       |       |       |     3 ||     3
       Condenser vane    |       |       |       |       |     1 ||     1
  Use: Scroll            |       |     7 |     2 |    12 |     2 ||    23
       Potion            |       |       |     1 |     3 |       ||     4
 Stab: Distracted        |       |       |       |     5 |       ||     5
       Confused          |       |       |       |       |     1 ||     1
Armor: Scale mail        |    20 |     6 |       |       |       ||    26
       Chain mail        |       |    77 |    93 |       |       ||   170
       Plate armour      |       |       |    66 |       |       ||    66
       Crystal plate arm |       |       |       |   337 |       ||   337
       Storm dragon scal |       |       |       |    59 |    70 ||   129
Dodge: Dodged            |    13 |    21 |    48 |    26 |    19 ||   127
Block: Kite shield       |    11 |    60 |   174 |   166 |       ||   411
       Tower shield      |       |       |       |   617 |   169 ||   786
       Reflection        |       |       |       |    27 |    22 ||    49

Table legend: (Time is in decaauts)
 A = Elapsed time spent in this place.
 B = Non-inter-level travel time spent in this place.
 C = Inter-level travel time spent in this place.
 D = Time resting spent in this place.
 E = Time spent auto-exploring this place.
 F = Levels seen in this place.
 G = Mean time per level.
                   A        B        C        D        E       F      G
               +--------+--------+--------+--------+--------+-----+--------+
         Total |   3651 |   3580 |     71 |      0 |      0 |  18 |  202.8 |
       Dungeon |   2319 |   2284 |     35 |      0 |      0 |  12 |  193.2 |
          Lair |    432 |    400 |     32 |      0 |      0 |   2 |  216.0 |
     Snake Pit |    544 |    542 |      2 |      0 |      0 |   3 |  181.3 |
        Bailey |    355 |    355 |      0 |      0 |      0 |   1 |  355.0 |
               +--------+--------+--------+--------+--------+-----+--------+

Top non-repeatable levels by time:
     D:8: 639 daAuts
    D:11: 576 daAuts
  Bailey: 355 daAuts
 Snake:1: 346 daAuts
     D:7: 265 daAuts
  Lair:1: 264 daAuts
     D:3: 193 daAuts
  Lair:2: 168 daAuts
     D:9: 139 daAuts
    D:10: 126 daAuts
     D:5: 121 daAuts
 Snake:2: 106 daAuts
 Snake:3: 91 daAuts
    D:12: 70 daAuts
     D:6: 60 daAuts
